[Event "Titled Tuesday Blitz March 21 Late 2023"]
[White "Oliveira, Tiago Batista"]
[Black "Dom1nant1337"]
[WhiteFideId "2108291"]
[WhiteElo "1962"]
[BlackElo "2546"]
[Result "1-0"]
[Round "01"]
[TimeControl "180+2"]
[Date "2023.03.21"]
[WhiteClock "0:00:14"]
[BlackClock "0:00:09"]

1. d4 Nf6 2. c4 g6 3. Nc3 Bg7 4. e4 d6 5. Nf3 O-O 6. Be2 Nbd7 7. Be3 e5 8. dxe5 dxe5 9. O-O Ng4 10. Bg5 f6 11. Bc1 Nc5 12. Qc2 c6 13. h3 Nh6 14. Rd1 Qe7 15. b4 Ne6 16. Qb3 a5 17. Ba3 axb4 18. Bxb4 Nc5 19. Qc2 Nf7 20. Na4 b6 21. Nxb6 Rb8 22. Bxc5 Qxc5 23. Nd7 Bxd7 24. Rxd7 Nd8 25. Nd2 Ne6 26. Nb3 Qa3 27. c5 Nf4 28. Bc4+ Kh8 29. Rad1 Ra8 30. R1d2 Bh6 31. Qb2 Qb4 32. Rc2 Qe1+ 33. Kh2 Qxe4 34. f3 Qe1 35. Qc3 Nd5 36. Qxe1 Bf4+ 37. g3 Bh6 38. Bxd5 cxd5 39. Rxd5 Rfc8 40. c6 Rc7 41. Rd7 Rcc8 42. c7 Bf8 43. Qd1 1-0


[Site "https://www.chess.com"]

[Event "Titled Tuesday Blitz March 21 Late 2023"]
[White "Petukhov, Dmitry"]
[Black "Vargas Pereda, Jesus Manue"]
[WhiteFideId "4142748"]
[BlackFideId "5115710"]
[WhiteElo "2311"]
[BlackElo "1914"]
[Result "1-0"]
[Round "01"]
[TimeControl "180+2"]
[Date "2023.03.21"]
[WhiteClock "0:02:17"]
[BlackClock "0:01:48"]

1. e4 c5 2. c3 d5 3. exd5 Qxd5 4. d4 Nc6 5. Nf3 Bf5 6. Bd3 cxd4 7. Bxf5 Qxf5 8. cxd4 e6 9. Qb3 Nb4 10. O-O Nf6 11. Bd2 Qd5 12. Qa4+ Nc6 13. Nc3 Qa5 14. Qxa5 Nxa5 15. Nb5 1-0


[Site "https://www.chess.com"]

[Event "Titled Tuesday Blitz March 21 Late 2023"]
[White "dorpato"]
[Black "Hajiyev, Kanan"]
[BlackFideId "13404148"]
[WhiteElo "1963"]
[BlackElo "2103"]
[Result "0-1"]
[Round "01"]
[TimeControl "180+2"]
[Date "2023.03.21"]
[WhiteClock "0:01:19"]
[BlackClock "0:01:38"]

1. d4 d5 2. c4 c6 3. cxd5 cxd5 4. Nc3 Nf6 5. Bf4 g6 6. e3 Bg7 7. h3 O-O 8. Bd3 Qb6 9. Rb1 Bd7 10. Nf3 Bc6 11. Ne5 Nbd7 12. Nxd7 Nxd7 13. O-O e5 14. dxe5 Nxe5 15. Be2 Rad8 16. Na4 Qa5 17. Nc3 Nc4 18. Bxc4 dxc4 19. Qc2 Rd3 20. Ne2 Qxa2 21. Rfd1 Ba4 0-1


[Site "https://www.chess.com"]

[Event "Titled Tuesday Blitz March 21 Late 2023"]
[White "Carlsen, Magnus"]
[Black "Jaferian, Koosha"]
[WhiteFideId "1503014"]
[BlackFideId "12507440"]
[WhiteElo "2852"]
[BlackElo "2107"]
[Result "1-0"]
[Round "02"]
[TimeControl "180+2"]
[Date "2023.03.21"]
[WhiteClock "0:00:40"]
[BlackClock "0:00:03"]

1. e4 c6 2. d4 d5 3. exd5 cxd5 4. Bd3 Nc6 5. c3 Qc7 6. h3 g6 7. Nf3 Bf5 8. Be2 Nf6 9. O-O Bg7 10. Nbd2 O-O 11. Re1 Rab8 12. Nb3 Ne4 13. Bd3 Nd6 14. Bf4 Bxd3 15. Qxd3 e6 16. h4 h6 17. Nc5 Rbd8 18. Qd2 h5 19. Qd3 b6 20. Nb3 Qe7 21. g3 Nc4 22. Re2 Qf6 23. Bg5 Qf5 24. Qxf5 gxf5 25. Bxd8 Rxd8 26. Nc1 Ne7 27. Nd3 Nd6 28. Nf4 b5 29. Nxh5 Bh6 30. Ne5 a5 31. a3 Rb8 32. Nf6+ Kg7 33. Nfd7 Rb7 34. Nc5 Rc7 35. a4 b4 36. cxb4 axb4 37. Ncd3 b3 38. Nc5 Ne4 39. Nxb3 Rb7 40. Nc5 Rb4 41. a5 Rxd4 42. a6 1-0


[Site "https://www.chess.com"]

[Event "Titled Tuesday Blitz March 21 Late 2023"]
[White "Martinez Reyes, Pedro Ramon"]
[Black "Naroditsky, Daniel"]
[WhiteFideId "3901807"]
[BlackFideId "2026961"]
[WhiteElo "2340"]
[BlackElo "2633"]
[Result "0-1"]
[Round "02"]
[TimeControl "180+2"]
[Date "2023.03.21"]
[WhiteClock "0:00:16"]
[BlackClock "0:00:13"]

1. e4 g6 2. d4 Bg7 3. Nc3 c6 4. f4 d5 5. e5 Nh6 6. Be2 Nf5 7. Nf3 h5 8. O-O Nd7 9. Bd3 Nf8 10. Ne2 Qb6 11. a4 a5 12. c3 h4 13. Qe1 h3 14. g3 Nh6 15. Qd1 Bg4 16. Ra3 Ne6 17. Qb3 Qc7 18. Bd2 Nf5 19. Qd1 c5 20. Bb5+ Kf8 21. Qe1 Qb6 22. dxc5 Nxc5 23. Ned4 Ne4 24. Be3 Nxe3 25. Qxe3 e6 26. Ng5 Nxg5 27. fxg5 Kg8 28. Raa1 Qc7 29. Rae1 Rf8 30. Rf4 Bf5 31. Nxf5 gxf5 32. g4 fxg4 33. Rxg4 Rh5 34. Rg3 Rc8 35. Be2 Rh4 36. Bg4 Qc4 37. Qf3 d4 38. Rf1 Rc7 39. g6 fxg6 40. cxd4 Qxd4+ 41. Kh1 Qxe5 42. Bxh3 Kh7 43. Bg2 Rcc4 44. Qd3 Rcg4 45. Rxg4 Qxh2# 0-1


[Site "https://www.chess.com"]

[Event "Titled Tuesday Blitz March 21 Late 2023"]
[White "Andreikin, Dmitry"]
[Black "Darini, Pouria"]
[WhiteFideId "4158814"]
[BlackFideId "12502200"]
[WhiteElo "2736"]
[BlackElo "2482"]
[Result "1-0"]
[Round "02"]
[TimeControl "180+2"]
[Date "2023.03.21"]
[WhiteClock "0:01:42"]
[BlackClock "0:00:09"]

1. Nf3 c5 2. c4 Nc6 3. g3 g6 4. d4 cxd4 5. Nxd4 Bg7 6. Nc2 d6 7. Bg2 Be6 8. Nd2 Qd7 9. Ne3 Bh3 10. O-O Nf6 11. Nf3 Bxg2 12. Kxg2 O-O 13. Rb1 a6 14. b3 b5 15. Bb2 Rab8 16. Rc1 bxc4 17. Rxc4 Rfc8 18. Bxf6 Bxf6 19. Nd5 Qe6 20. Qd3 Ne5 21. Rxc8+ Rxc8 22. Qxa6 Rc2 23. Qa8+ Rc8 24. Nxf6+ exf6 25. Qb7 Nxf3 26. exf3 Rc2 27. a4 Rb2 28. Qb8+ Kg7 29. b4 Qb3 30. a5 Qxb4 31. Qxb4 Rxb4 32. Ra1 Rb7 33. f4 f5 34. Kf3 Kf6 35. Ke3 Ke6 36. Kd4 Kd7 37. a6 Rb4+ 38. Kc3 Rb8 39. a7 Ra8 40. Kd4 Kc6 41. Ra6+ Kb7 42. Rxd6 Kxa7 43. Rd7+ Kb6 44. Rxf7 Rd8+ 45. Ke5 Rd2 46. Rxh7 Rxf2 47. Rh6 Kc5 48. Rxg6 Rxh2 49. Kxf5 Kd5 50. g4 Rh8 51. g5 Rf8+ 52. Rf6 Ra8 53. g6 Kd4 54. g7 Ke3 1-0


[Site "https://www.chess.com"]

[Event "Titled Tuesday Blitz March 21 Late 2023"]
[White "Skvortsov, Andrei"]
[Black "Erigaisi Arjun"]
[WhiteFideId "24108600"]
[BlackFideId "35009192"]
[WhiteElo "2259"]
[BlackElo "2737"]
[Result "0-1"]
[Round "02"]
[TimeControl "180+2"]
[Date "2023.03.21"]
[WhiteClock "0:01:59"]
[BlackClock "0:01:32"]

1. e4 d6 2. d4 g6 3. Nc3 Bg7 4. Be3 a6 5. Qd2 Nd7 6. h3 b5 7. a3 Bb7 8. Nge2 Ngf6 9. Ng3 c5 10. dxc5 dxc5 11. f3 O-O 12. Bh6 Qc7 13. Bf4 Ne5 14. O-O-O b4 15. Nb1 Rfd8 16. Qe3 Rxd1+ 17. Kxd1 Rd8+ 18. Kc1 a5 19. Bb5 Ne8 20. Bxe8 Rxe8 21. Rd1 Nc4 22. Bxc7 Bxb2# 0-1


[Site "https://www.chess.com"]

[Event "Titled Tuesday Blitz March 21 Late 2023"]
[White "Duda, Jan-Krzysztof"]
[Black "Matinian, Nikita"]
[WhiteFideId "1170546"]
[BlackFideId "24129100"]
[WhiteElo "2790"]
[BlackElo "2422"]
[Result "0-1"]
[Round "02"]
[TimeControl "180+2"]
[Date "2023.03.21"]
[WhiteClock "0:00:09"]
[BlackClock "0:00:28"]

1. d4 Nf6 2. Nf3 g6 3. c4 Bg7 4. Nc3 O-O 5. e4 d6 6. h3 e5 7. d5 Nh5 8. g3 Na6 9. Nh4 Nc5 10. Be3 a5 11. Ng2 Bd7 12. Be2 Nf6 13. Qc2 Ne8 14. O-O-O f5 15. exf5 Bxf5 16. Qd2 a4 17. Bxc5 dxc5 18. g4 Bd7 19. Ne4 b6 20. Bd3 Nd6 21. a3 Rb8 22. Kb1 Rf3 23. Ne1 Rf4 24. f3 Qf8 25. Ka1 b5 26. Nxc5 Bc8 27. cxb5 Nxb5 28. Ne6 Bxe6 29. dxe6 e4 30. Bc4 Qxa3+ 31. Ba2 Nc3 32. Qd8+ Rf8 0-1


[Site "https://www.chess.com"]

[Event "Titled Tuesday Blitz March 21 Late 2023"]
[White "Martynov, Pavel"]
[Black "Svane, Rasmus"]
[WhiteFideId "4101260"]
[BlackFideId "4657101"]
[WhiteElo "2314"]
[BlackElo "2597"]
[Result "1/2-1/2"]
[Round "02"]
[TimeControl "180+2"]
[Date "2023.03.21"]
[WhiteClock "0:00:09"]
[BlackClock "0:00:05"]

1. e4 c6 2. d4 d5 3. exd5 cxd5 4. c4 Nf6 5. Nc3 Nc6 6. Bg5 dxc4 7. d5 Ne5 8. Qd4 h6 9. Bh4 g5 10. Qxe5 gxh4 11. Bxc4 Bg7 12. Nf3 h3 13. gxh3 Qd6 14. Qe3 a6 15. Rg1 Kf8 16. Rd1 b5 17. Bb3 Bxh3 18. Nd4 Bd7 19. Ne6+ fxe6 20. dxe6 Qxh2 21. Rxg7 Kxg7 22. exd7 e5 23. Rd6 Rhf8 24. Re6 Rf7 25. Rxe5 Ng4 26. Rg5+ hxg5 27. Qxg5+ Kh8 28. d8=Q+ Rxd8 29. Qxd8+ Kg7 30. Qg5+ Kf8 31. Bxf7 Qxf2+ 32. Kd1 Ne3+ 33. Qxe3 Qxe3 34. Bb3 Qg1+ 35. Kc2 Qh2+ 36. Kc1 Qh1+ 37. Bd1 Qg2 38. a3 Qg5+ 39. Kb1 Qe5 40. Bb3 Ke7 41. Ka2 Kd6 42. Nd5 Kc5 43. Nc3 Kb6 44. a4 b4 45. Nd5+ Kc5 46. Kb1 a5 47. Ka2 Qd4 48. Ne7 Qe4 49. Nd5 Qxd5 50. Bxd5 Kxd5 51. Kb3 Kd4 52. Kc2 Ke3 53. Kc1 Kd3 54. Kd1 b3 55. Kc1 Ke2 56. Kb1 Kd2 57. Ka1 Kd3 58. Kb1 Kc4 59. Kc1 Kb4 60. Kb1 Kxa4 61. Ka1 Kb4 62. Kb1 Kc4 63. Ka1 Kd3 64. Kb1 a4 65. Kc1 Ke2 66. Kb1 Kd2 67. Ka1 Kd3 68. Kb1 Kd2 69. Ka1 Kd1 70. Kb1 Ke1 71. Kc1 Ke2 72. Kb1 Kd1 73. Ka1 a3 74. Kb1 a2+ 75. Ka1 Ke1 1/2-1/2


[Site "https://www.chess.com"]

[Event "Titled Tuesday Blitz March 21 Late 2023"]
[White "Khripachenko, Alexander"]
[Black "Paravyan, David"]
[WhiteFideId "54184975"]
[BlackFideId "4194985"]
[WhiteElo "2384"]
[BlackElo "2577"]
[Result "0-1"]
[Round "02"]
[TimeControl "180+2"]
[Date "2023.03.21"]
[WhiteClock "0:00:02"]
[BlackClock "0:00:19"]

1. e4 e5 2. Nf3 Nf6 3. Nxe5 d6 4. Nf3 Nxe4 5. d4 d5 6. Bd3 Bf5 7. O-O Be7 8. c4 dxc4 9. Bxc4 O-O 10. Nc3 Nd7 11. Re1 Nxc3 12. bxc3 Nb6 13. Bb3 Bf6 14. Ne5 Be6 15. Qf3 Bxb3 16. axb3 Qd5 17. Qxd5 Nxd5 18. c4 Nb4 19. Ba3 Nc2 20. Bxf8 Rxf8 21. Nd7 Rd8 22. Nxf6+ gxf6 23. d5 Nxe1 24. Rxe1 Kf8 25. g3 Rd6 26. f4 Rb6 27. Re3 a5 28. Kf2 Rb4 29. Rc3 Ke7 30. Ke3 a4 31. bxa4 Rxa4 32. Kd4 b5 33. Kc5 bxc4 34. Rxc4 Ra2 35. Kc6 Kd8 36. h4 f5 37. d6 Ra6+ 38. Kd5 cxd6 39. Rb4 Ke7 40. Rb7+ Kf6 41. Rd7 Ra5+ 42. Kd4 Ke6 43. Rd8 Ra3 44. Re8+ Kf6 45. Rd8 Ke7 46. Rg8 h6 47. Rg7 Kf6 48. Rg8 Rf3 49. Kd5 Rd3+ 50. Kc4 Rd1 51. Kc3 d5 52. Rh8 Kg7 53. Rd8 Kg6 54. Kc2 Rg1 55. Kd2 Kh5 56. Rg8 Ra1 57. Rg7 Ra3 58. Rxf7 Kg4 59. Rg7+ Kf3 60. h5 Ke4 61. Re7+ Kd4 62. Re5 Rxg3 63. Rxf5 Rg2+ 64. Ke1 Ke4 65. Rf6 d4 66. Rxh6 Kxf4 67. Re6 Kf5 68. Re8 Rh2 69. h6 Rxh6 70. Kd2 Rh3 71. Re7 Kf4 72. Re1 Re3 73. Rxe3 dxe3+ 0-1


[Site "https://www.chess.com"]

[Event "Titled Tuesday Blitz March 21 Late 2023"]
[White "Fedoseev, Vladimir"]
[Black "Domingo Nunez, Ruben"]
[WhiteFideId "24130737"]
[BlackFideId "22245570"]
[WhiteElo "2752"]
[BlackElo "2404"]
[Result "1-0"]
[Round "02"]
[TimeControl "180+2"]
[Date "2023.03.21"]
[WhiteClock "0:00:26"]
[BlackClock "0:00:01"]

1. e4 Nf6 2. e5 Nd5 3. d4 d6 4. Nf3 c6 5. Bc4 Bf5 6. O-O Nd7 7. Nh4 Be6 8. Qe2 dxe5 9. dxe5 Qc7 10. f4 g6 11. Nd2 Nc5 12. f5 gxf5 13. Nxf5 Rg8 14. Nb3 Qb6 15. Kh1 O-O-O 16. Nbd4 Nc7 17. Nxe6 fxe6 18. c3 Nd5 19. Nd4 Bg7 20. b4 Nxc3 21. bxc5 Qxc5 22. Bxe6+ Kb8 23. Qe3 Rgf8 24. Nf3 Qb5 25. Ba3 Nd5 26. Bxd5 Rxd5 27. Bxe7 Re8 28. Qg5 Bh8 29. Rae1 a5 30. Bd6+ Ka7 31. Qe3+ Ka8 32. Qa3 b6 33. Rb1 Qc4 34. Rfc1 Qf4 35. Qb3 Rb5 36. Qc2 c5 37. Rxb5 1-0


[Site "https://www.chess.com"]

[Event "Titled Tuesday Blitz March 21 Late 2023"]
[White "Diaz Perez, Michel Alejandro"]
[Black "Bortnyk, Olexandr"]
[WhiteFideId "3517179"]
[BlackFideId "14120828"]
[WhiteElo "2333"]
[BlackElo "2734"]
[Result "0-1"]
[Round "02"]
[TimeControl "180+2"]
[Date "2023.03.21"]
[WhiteClock "0:00:38"]
[BlackClock "0:02:13"]

1. d4 d6 2. e4 Nf6 3. Nc3 Nbd7 4. Nf3 e5 5. Bc4 Be7 6. O-O c6 7. a4 Qc7 8. Re1 h6 9. b3 Nf8 10. Ba3 Ng6 11. dxe5 dxe5 12. Bxe7 Qxe7 13. Nd2 O-O 14. Bf1 Rd8 15. Qc1 Qb4 16. Ncb1 Be6 17. c3 Qe7 18. Nc4 Rd7 19. Nbd2 Rad8 20. Nf3 Bg4 21. Be2 Nxe4 22. h3 Bxf3 23. Bxf3 Nd2 24. Nxd2 Rxd2 25. b4 Nf4 26. Re3 Qg5 27. Kf1 f5 28. Rxe5 Rxf2+ 29. Kg1 Rxg2+ 0-1


[Site "https://www.chess.com"]

[Event "Titled Tuesday Blitz March 21 Late 2023"]
[White "Sargsyan, Shant"]
[Black "Goltsev, Dmitry"]
[WhiteFideId "13306766"]
[BlackFideId "24176710"]
[WhiteElo "2628"]
[BlackElo "2336"]
[Result "1-0"]
[Round "02"]
[TimeControl "180+2"]
[Date "2023.03.21"]
[WhiteClock "0:00:55"]
[BlackClock "0:00:04"]

1. c4 Nf6 2. g3 e5 3. Bg2 Nc6 4. Nc3 Bc5 5. e3 a6 6. Nge2 d6 7. d4 exd4 8. exd4 Ba7 9. O-O O-O 10. h3 Bf5 11. b3 Qd7 12. Kh2 Rfe8 13. Bb2 Nb4 14. Qd2 c5 15. Rad1 Nd3 16. dxc5 Bxc5 17. Na4 Bxf2 18. Bxf6 gxf6 19. Nf4 Be3 20. Qc3 Nxf4 21. gxf4 Rac8 22. Qxf6 b5 23. Nc3 Qe6 24. Nd5 bxc4 25. Qg5+ Kh8 26. Nxe3 Bd3 27. Nxc4 Bxf1 28. Rxf1 Rg8 29. Qd5 Qe2 30. Qf3 Qxa2 31. Rf2 Qa1 32. Nxd6 Rc1 33. Nxf7+ Kg7 34. Ng5 h6 35. Qb7+ Kg6 36. Qf7# 1-0


[Site "https://www.chess.com"]

[Event "Titled Tuesday Blitz March 21 Late 2023"]
[White "Spata, German"]
[Black "Bluebaum, Matthias"]
[WhiteFideId "113026"]
[BlackFideId "24651516"]
[WhiteElo "2238"]
[BlackElo "2638"]
[Result "0-1"]
[Round "02"]
[TimeControl "180+2"]
[Date "2023.03.21"]
[WhiteClock "0:00:45"]
[BlackClock "0:02:17"]

1. Nf3 d5 2. e3 c5 3. b3 a6 4. Bb2 Nc6 5. d4 cxd4 6. Nxd4 Nf6 7. Be2 e6 8. O-O Bd6 9. c4 e5 10. Nxc6 bxc6 11. cxd5 cxd5 12. Nc3 Bb7 13. Rc1 O-O 14. Na4 Qe7 15. Qc2 Rac8 16. Qf5 g6 17. Qg5 Kg7 18. Rxc8 Rxc8 19. Rc1 h6 20. Qh4 g5 21. Qh3 Rxc1+ 22. Bxc1 Qc7 23. Bb2 Bc8 24. Qg3 Ne4 25. Qf3 g4 0-1


[Site "https://www.chess.com"]

[Event "Titled Tuesday Blitz March 21 Late 2023"]
[White "Van Foreest, Jorden"]
[Black "Zamorano, Jorge"]
[WhiteFideId "1039784"]
[BlackFideId "173770"]
[WhiteElo "2633"]
[BlackElo "2331"]
[Result "1-0"]
[Round "02"]
[TimeControl "180+2"]
[Date "2023.03.21"]
[WhiteClock "0:01:01"]
[BlackClock "0:00:26"]

1. e4 c5 2. Nf3 d6 3. d4 cxd4 4. Nxd4 Nf6 5. Nc3 a6 6. a4 Nc6 7. Nxc6 bxc6 8. a5 g6 9. e5 dxe5 10. Qxd8+ Kxd8 11. Be3 Bf5 12. O-O-O+ Kc8 13. Na4 Nd5 14. Bd2 Kc7 15. c4 Nf4 16. g3 Ne6 17. Be3 Bg7 18. Bb6+ Kc8 19. b4 Nd4 20. Bg2 Be6 21. f4 Bxc4 22. Bxd4 Bb3 23. Nb6+ Kb7 24. Bxe5 Bxd1 25. Rxd1 Bxe5 26. fxe5 Rad8 27. Nd7 Kc7 28. Nc5 Rxd1+ 29. Kxd1 Rd8+ 30. Kc2 Rd4 31. Nxa6+ Kb7 32. Nc5+ Kc7 33. Be4 h5 34. Bxg6 Rd5 35. Be4 Rxe5 36. a6 Rg5 37. a7 Rg8 38. b5 Kb6 39. bxc6 Kxc5 40. c7 Kd6 41. a8=Q Rxa8 42. Bxa8 Kxc7 43. Kd3 Kd6 44. Ke4 Ke6 45. h4 Kf6 46. Bd5 e6 47. Bc4 1-0


[Site "https://www.chess.com"]

[Event "Titled Tuesday Blitz March 21 Late 2023"]
[White "Sai Krishna G V"]
[Black "Deac, Bogdan-Daniel"]
[WhiteFideId "5028280"]
[BlackFideId "1226380"]
[WhiteElo "2359"]
[BlackElo "2649"]
[Result "0-1"]
[Round "02"]
[TimeControl "180+2"]
[Date "2023.03.21"]
[WhiteClock "0:00:16"]
[BlackClock "0:00:11"]

1. d4 Nf6 2. Nf3 d5 3. Bg5 Ne4 4. e3 Nxg5 5. Nxg5 e5 6. Nf3 e4 7. Nfd2 c5 8. c4 cxd4 9. exd4 Nc6 10. Nc3 dxc4 11. d5 Ne5 12. Nxc4 Ng6 13. d6 Be6 14. Nb5 Rc8 15. Nc7+ Rxc7 16. dxc7 Qxc7 17. Qa4+ Bd7 18. Qb3 Bc5 19. Be2 Nf4 20. Ne3 Bxe3 21. fxe3 Nxg2+ 22. Kf2 Nh4 23. Rac1 Bc6 24. Qc4 Qe5 25. Qc5 Qf6+ 26. Kg3 Nf5+ 27. Kg2 Qg5+ 28. Kf2 Qh4+ 29. Kg2 g6 30. Rhf1 Qg5+ 31. Kf2 h5 32. Rg1 Qh4+ 33. Kg2 Qe7 34. Qxe7+ Kxe7 35. Kf2 Rd8 36. Rgd1 Rxd1 37. Bxd1 a6 38. Bb3 h4 39. Rc4 Nd6 40. Rd4 Nf5 41. Rc4 g5 42. Rc5 Kf6 43. Bxf7 Nd6 44. Bb3 g4 45. Rh5 Nf5 46. Bc2 g3+ 47. hxg3 hxg3+ 48. Ke2 Bb5+ 49. Ke1 Nxe3 50. Bxe4 g2 51. Kf2 Nd1+ 52. Kxg2 Nxb2 53. Rh7 b6 54. Kf2 Ke5 55. Ke3 Nc4+ 56. Kf3 Nd2+ 57. Ke3 Nf1+ 58. Kf3 Nd2+ 59. Ke3 Nc4+ 60. Kf3 Kd4 61. Rh5 Nd2+ 62. Kf4 Nxe4 63. Rh8 Nc3 64. Rd8+ Nd5+ 65. Kf3 Bc4 66. a3 a5 67. Kf2 Kc3 68. Ke1 a4 69. Kd1 Kb3 70. Kc1 b5 71. Kb1 Kxa3 72. Ka1 Kb3 73. Rf8 Nb4 74. Rf3+ Bd3 75. Rf2 Nc2+ 76. Kb1 a3 77. Rxc2 Bxc2+ 78. Ka1 Bd1 79. Kb1 b4 80. Ka1 Kc3 81. Kb1 Ba4 82. Ka1 b3 83. Kb1 Bc6 84. Ka1 Bd5 85. Kb1 Be6 86. Ka1 b2+ 87. Kb1 a2# 0-1


[Site "https://www.chess.com"]

[Event "Titled Tuesday Blitz March 21 Late 2023"]
[White "Rostomyan, Mikayel"]
[Black "Makhnev, Denis"]
[WhiteFideId "13313754"]
[BlackFideId "13707647"]
[WhiteElo "2009"]
[BlackElo "2525"]
[Result "0-1"]
[Round "02"]
[TimeControl "180+2"]
[Date "2023.03.21"]
[WhiteClock "0:00:12"]
[BlackClock "0:00:05"]

1. d4 Nf6 2. Nf3 e6 3. c4 d5 4. g3 Bb4+ 5. Bd2 Be7 6. Qc2 O-O 7. Bg2 Nbd7 8. O-O Ne4 9. Bf4 c6 10. Nc3 g5 11. Be3 f5 12. Ne5 Nd6 13. cxd5 exd5 14. f3 f4 15. Bf2 Nxe5 16. dxe5 Nc4 17. Rad1 Bf5 18. Qc1 Bg6 19. Bd4 Qb8 20. e4 fxe3 21. f4 gxf4 22. gxf4 Nd2 23. Bxe3 Nxf1 24. Rxf1 Qc8 25. Qd2 Qd7 26. Ne2 Rad8 27. Ng3 d4 28. Bf2 Qg4 29. Be1 Bc5 30. h3 Qe6 31. b4 Bb6 32. Kh2 Kh8 33. a4 a6 34. h4 Qe7 35. Ne4 d3 36. Bg3 Bf5 37. Nf6 Rxf6 38. exf6 Qxf6 39. a5 Bd4 40. Re1 Bc3 41. Qd1 Bxe1 42. Bxe1 d2 43. Bf2 Bg4 44. Qxg4 d1=Q 45. Qg3 Qd2 46. Be4 Qdxf4 0-1


[Site "https://www.chess.com"]

[Event "Titled Tuesday Blitz March 21 Late 2023"]
[White "Bok, Benjamin"]
[Black "Gunduz, Umut Erdem"]
[WhiteFideId "1017063"]
[BlackFideId "6381383"]
[WhiteElo "2658"]
[BlackElo "2182"]
[Result "1-0"]
[Round "02"]
[TimeControl "180+2"]
[Date "2023.03.21"]
[WhiteClock "0:00:21"]
[BlackClock "0:00:09"]

1. d4 Nf6 2. c4 e6 3. Nc3 c5 4. d5 exd5 5. cxd5 d6 6. e4 g6 7. f4 Bg7 8. Bb5+ Nfd7 9. a4 O-O 10. Nf3 Na6 11. O-O Nc7 12. Bc4 a6 13. h3 Rb8 14. e5 dxe5 15. d6 Ne6 16. Nd5 b5 17. Ne7+ Kh8 18. Bxe6 fxe6 19. Ng5 exf4 20. Nxe6 Qb6 21. Nxg7 Kxg7 22. Bxf4 c4+ 23. Kh1 Bb7 24. Qd2 Rf6 25. Bh6+ Kf7 26. Bg5 Rxf1+ 27. Rxf1+ Ke8 28. Qf4 Qc5 29. Qf7+ Kd8 30. Nc6+ Kc8 31. Qe8# 1-0


[Site "https://www.chess.com"]

[Event "Titled Tuesday Blitz March 21 Late 2023"]
[White "Vetoshko, Volodymyr"]
[Black "Kamsky, Gata"]
[WhiteFideId "14122480"]
[BlackFideId "2000024"]
[WhiteElo "2422"]
[BlackElo "2666"]
[Result "1/2-1/2"]
[Round "02"]
[TimeControl "180+2"]
[Date "2023.03.21"]
[WhiteClock "0:01:14"]
[BlackClock "0:01:19"]

1. e4 e5 2. Nf3 Nc6 3. Nc3 Nf6 4. d4 exd4 5. Nxd4 Bb4 6. Nxc6 bxc6 7. Bd3 O-O 8. O-O d5 9. exd5 cxd5 10. h3 c6 11. Qf3 h6 12. Bf4 a5 13. Rad1 Re8 14. Na4 Bd6 15. c4 Bxf4 16. Qxf4 Be6 17. b3 Qb8 18. Qxb8 Raxb8 19. cxd5 cxd5 20. Rc1 Rec8 21. Ba6 Rxc1 22. Rxc1 Bd7 23. Nc5 Bb5 24. Bxb5 Rxb5 25. f3 d4 1/2-1/2


[Site "https://www.chess.com"]

[Event "Titled Tuesday Blitz March 21 Late 2023"]
[White "Ozer, Omer Faruk"]
[Black "Maghsoodloo, Parham"]
[WhiteFideId "6354564"]
[BlackFideId "12539929"]
[WhiteElo "2260"]
[BlackElo "2647"]
[Result "1/2-1/2"]
[Round "02"]
[TimeControl "180+2"]
[Date "2023.03.21"]
[WhiteClock "0:00:03"]
[BlackClock "0:00:02"]

1. e4 e5 2. Nc3 Nc6 3. g3 Bc5 4. Bg2 Nge7 5. d3 O-O 6. Nge2 f5 7. O-O d6 8. h3 a6 9. Kh2 fxe4 10. Nxe4 Ba7 11. f4 d5 12. N4c3 d4 13. Ne4 Nf5 14. g4 Ne3 15. Bxe3 dxe3 16. f5 Nd4 17. c3 Nxe2 18. Qxe2 Bd7 19. Rf3 Bb5 20. Rd1 Qh4 21. b3 Rad8 22. a4 Bc6 23. Rg3 Qe7 24. Rf1 Qd7 25. Rd1 Qe7 26. Rf1 Qa3 27. f6 Qxb3 28. fxg7 Kxg7 29. Rf5 Bxe4 30. Bxe4 Qxc3 31. Rg2 Kh8 32. Qf3 Qc5 33. Rf7 Qd6 34. Rxh7+ Kg8 35. Qg3 Qf6 36. Rxc7 Qf4 37. Rxb7 Bd4 38. g5 Qxg3+ 39. Kxg3 Rf2 40. Rxf2 exf2 41. Kg2 Rf8 42. Kf1 Rc8 43. Rb1 Rc2 44. h4 Rd2 45. h5 Rc2 46. h6 Be3 47. Bd5+ Kh7 48. Be4+ Kg8 49. Bd5+ Kh7 50. Be4+ Kg8 1/2-1/2


[Site "https://www.chess.com"]

[Event "Titled Tuesday Blitz March 21 Late 2023"]
[White "Martinez Alcantara, Jose Eduardo"]
[Black "Jessel, Stephen"]
[WhiteFideId "3805662"]
[BlackFideId "628859"]
[WhiteElo "2712"]
[BlackElo "2268"]
[Result "1-0"]
[Round "02"]
[TimeControl "180+2"]
[Date "2023.03.21"]
[WhiteClock "0:01:06"]
[BlackClock "0:00:01"]

1. e4 e6 2. d4 d5 3. Nd2 Nf6 4. e5 Nfd7 5. c3 c5 6. Bd3 Nc6 7. Ngf3 g6 8. O-O Bg7 9. Re1 cxd4 10. cxd4 O-O 11. Nb3 Qb6 12. Be3 f6 13. exf6 Nxf6 14. h3 Nh5 15. Rc1 Nf4 16. Bb1 a5 17. a3 a4 18. Nc5 Qxb2 19. Nxa4 Qxa3 20. Nb6 Rb8 21. Bc2 Qa5 22. Rb1 Qa6 23. h4 Na5 24. Qd2 Nh5 25. Bd3 Qa7 26. Ne5 Nf6 27. Bf4 Nh5 28. Bh2 1-0


[Site "https://www.chess.com"]

[Event "Titled Tuesday Blitz March 21 Late 2023"]
[White "O`Gorman, Tom"]
[Black "Makarian, Rudik"]
[WhiteFideId "2508249"]
[BlackFideId "44105681"]
[WhiteElo "2271"]
[BlackElo "2436"]
[Result "0-1"]
[Round "02"]
[TimeControl "180+2"]
[Date "2023.03.21"]
[WhiteClock "0:00:39"]
[BlackClock "0:00:26"]

1. d4 Nf6 2. c4 e6 3. Nc3 d5 4. cxd5 exd5 5. Bg5 c6 6. e3 h6 7. Bh4 Be7 8. Bd3 O-O 9. Qc2 Nbd7 10. Nge2 a5 11. O-O Re8 12. f3 b5 13. Rad1 Ba6 14. Kh1 Nb6 15. e4 b4 16. Bxa6 Rxa6 17. Nb1 dxe4 18. fxe4 Nxe4 19. Bxe7 Rxe7 20. Qxc6 Qd5 21. Qxd5 Nxd5 22. Nd2 Ne3 23. Nxe4 Nxf1 24. Nc5 Rf6 25. Ng3 Nxg3+ 26. hxg3 Re2 27. d5 Rff2 28. Rg1 Rxb2 29. Nd3 Rxa2 30. Nxf2 Rxf2 31. Ra1 b3 32. d6 Rd2 33. Kh2 Rxd6 34. Rxa5 Rb6 35. Ra1 b2 36. Rb1 g5 37. g4 Kg7 38. Kg3 Rb3+ 39. Kf2 Kg6 40. Ke2 f5 41. gxf5+ Kxf5 42. Kf2 Kg4 43. Ke2 h5 44. Kf2 h4 45. Kg1 Kf4 46. Kf2 g4 47. Ke2 Kg3 48. Kf1 Kh2 49. Kf2 Rg3 50. Kf1 Rxg2 51. Re1 Rg1+ 52. Kf2 Rxe1 0-1


[Site "https://www.chess.com"]

[Event "Titled Tuesday Blitz March 21 Late 2023"]
[White "Terry, Renato"]
[Black "Kurtz, Eric M"]
[WhiteFideId "3803457"]
[BlackFideId "30939763"]
[WhiteElo "2579"]
[BlackElo "2633"]
[Result "1-0"]
[Round "02"]
[TimeControl "180+2"]
[Date "2023.03.21"]
[WhiteClock "0:01:46"]
[BlackClock "0:00:37"]

1. e4 d6 2. d4 Nf6 3. Nc3 g6 4. Be3 c6 5. h3 Nbd7 6. g4 Bg7 7. g5 Ng8 8. Qd2 e5 9. h4 h5 10. O-O-O Ne7 11. f4 Qc7 12. Nf3 b5 13. dxe5 dxe5 14. Bxb5 exf4 15. Bxf4 Bxc3 16. bxc3 Qa5 17. Bc4 O-O 18. Bd6 Re8 19. Qf4 Nd5 20. exd5 Nb6 21. Bb4 Qa4 22. Bb3 Qb5 23. Nd4 Qa6 24. Rhf1 1-0


[Site "https://www.chess.com"]

[Event "Titled Tuesday Blitz March 21 Late 2023"]
[White "Tregubov, Pavel V."]
[Black "Hansen, Eric"]
[WhiteFideId "4115341"]
[BlackFideId "2606771"]
[WhiteElo "2425"]
[BlackElo "2569"]
[Result "0-1"]
[Round "02"]
[TimeControl "180+2"]
[Date "2023.03.21"]
[WhiteClock "0:00:50"]
[BlackClock "0:01:44"]

1. e4 e5 2. Nf3 Nc6 3. Bb5 a6 4. Ba4 Nf6 5. O-O Be7 6. d3 d6 7. c4 O-O 8. Nc3 Nd7 9. Bxc6 bxc6 10. d4 f6 11. Be3 a5 12. b3 Qe8 13. Qc2 Qh5 14. Ne2 c5 15. Ng3 Qf7 16. dxc5 dxc5 17. Rad1 Nb8 18. Nf5 Nc6 19. Nxe7+ Qxe7 20. Rd5 Nd4 21. Bxd4 cxd4 22. c5 Be6 23. Nd2 Bxd5 24. exd5 Rfd8 25. f4 exf4 26. Qc4 Qf7 27. Rxf4 Qxd5 28. Qc1 d3 29. h3 a4 30. b4 Qxa2 31. b5 Qc2 32. Qe1 Qxc5+ 0-1


[Site "https://www.chess.com"]